 Dungeon Crawl Stone Soup version 0.21-a0-79-g04744e2 (webtiles) character file.

119 KristoblXynda the Poker (level 4, 0/36 HPs)
             Began as a Centaur Gladiator on June 22, 2017.
             Slain by a centaur (1 damage)
             ... on level 3 of the Dungeon.
             The game lasted 00:08:06 (2632 turns).

KristoblXynda the Poker (Centaur Gladiator)         Turns: 2632, Time: 00:08:07

Health: 0/36       AC:  5    Str: 16    XL:     4   Next: 73%
Magic:  4/4        EV: 10    Int:  8    God:
Gold:   202        SH:  0    Dex: 11    Spells: 3/3 levels left

rFire    . . .     SeeInvis .   a - +0 trident
rCold    . . .     Gourm    .   (no shield)
rNeg     . . .     Faith    .   b - +0 leather armour
rPois    .         Spirit   .   c - +0 helmet
rElec    .         Reflect  .   (no cloak)
rCorr    .         Harm     .   (no gloves)
MR       .....                  (no barding)
Stlth    +.........             (no amulet)
HPRegen  0.12/turn              (no ring)
MPRegen  0.09/turn              (no ring)

@: flying, very quick
A: hooves 3, deformed body, speed 2, tough skin 3
a: no special abilities


You were on level 3 of the Dungeon.
You were not hungry.

You visited 1 branch of the dungeon, and saw 3 of its levels.

You collected 202 gold pieces.

Inventory:

Hand Weapons
 a - a +0 trident (weapon)
Missiles
 d - 3 throwing nets (quivered)
Armour
 b - a +0 leather armour (worn)
 c - a +0 helmet (worn)
Scrolls
 e - a scroll of identify {unknown}
 j - a scroll of remove curse {unknown}
 m - a scroll of fog {unknown}
 o - 2 scrolls of teleportation {unknown}
Potions
 g - a potion of curing {unknown}
 h - a potion of cancellation {unknown}
 i - a potion of berserk rage {unknown}
 n - a potion of brilliance {unknown}
 p - a potion of mutation {unknown}
 q - a potion of flight
 r - a potion of heal wounds {unknown}
 u - a potion of magic {unknown}
Comestibles
 f - 3 bread rations
 k - 6 fruits
 l - a royal jelly
 s - 5 chunks of flesh
 t - a meat ration


   Skills:
 - Level 2.0 Fighting
 + Level 4.2 Polearms
 - Level 2.1 Throwing
 + Level 3.1 Dodging


You had 3 spell levels left.
You didn't know any spells.

Dungeon Overview and Level Annotations

Branches:
Dungeon (3/15)

Altars:
Cheibriados


Innate Abilities, Weirdness & Mutations

You have hooves in place of feet.
Armour fits poorly on your strangely shaped body.
You cover ground very quickly.
You have extremely tough skin. (AC +3)


Message History

You see here an arrow.
The centaur unwields an uncursed shortbow.
The centaur completely misses you.
You hit the centaur. Your kick misses the centaur.
The centaur is moderately wounded.
The centaur barely misses you.
You barely miss the centaur.
The centaur is moderately wounded.
The centaur hits you but does no damage.
The centaur hits you!
You hit the centaur but do no damage.
The centaur is moderately wounded.
The centaur hits you.
* * * LOW HITPOINT WARNING * * *
It was a potion of flight.
You feel very buoyant.
You fly up into the air.
The centaur hits you!
* * * LOW HITPOINT WARNING * * *
The centaur hits you.
You die...

..... #.# .....
#.# ###########'##
.............##
.............>#
.............##
.............#####
..............((.#
################@#
#.c# ####### ##.#
#.....# .# ...##)#
.# ...##.# ..
...##.# .. ..###.#
.♣♣ #.# #.###


You could see a centaur.

Vanquished Creatures
  An orc priest (D:3)
  3 adders (D:2)
  An ooze (D:1)
  3 dart slugs
  2 leopard geckos
  5 orcs (D:3)
  3 bats
  7 goblins
  6 hobgoblins
  3 jackals (D:3)
  4 kobolds
  A ball python (D:3)
  3 frilled lizards
  4 rats
46 creatures vanquished.

Notes
Turn   | Place    | Note
-------+----------+-------------------------------------------
     0 | D:1      | KristoblXynda the Centaur Gladiator began the quest for the Orb.
     0 | D:1      | Reached XP level 1. HP: 17/17 MP: 1/1
   123 | D:1      | Reached skill level 3 in Polearms
   123 | D:1      | Reached XP level 2. HP: 15/24 MP: 2/2
  1043 | D:2      | Reached XP level 3. HP: 23/29 MP: 3/3
  1237 | D:2      | Found a snail-covered altar of Cheibriados.
  2041 | D:3      | Reached XP level 4. HP: 36/36 MP: 4/4
  2156 | D:3      | Reached skill level 4 in Polearms
  2626 | D:3      | Noticed a centaur
  2632 | D:3      | HP: 1/36 [centaur (9)]
  2632 | D:3      | Slain by a centaur

Vault maps used:
D:1:      co_arrival_random_square_maze
D:2:      first_bread, kennysheep_slug_shrine
D:3:      minmay_curled_crystal, fedhas_altar_4

Skill      XL: |  1  2  3  4 |
---------------+-------------+-----
Polearms       | 3 4 |  4.2
Dodging        | 3 |  3.1
Fighting       | |  2.0
Throwing       | |  2.1

Action                   |  1- 3 |  4- 6 || total
-------------------------+-------+-------++-------
Melee: Trident           |   107 |    57 ||   164
       Kick              |    13 |    15 ||    28
  Use: Potion            |       |     1 ||     1
  Eat: Chunk             |     2 |     2 ||     4
Armor: Leather armour    |    43 |    27 ||    70
Dodge: Dodged            |    40 |    30 ||    70
